 Dungeon Crawl Stone Soup version 0.20-a0-219-g21f8257 (console) character file.

723 Blackmore the Chopper (level 7, -10/61 HPs)
             Began as a Minotaur Fighter on Nov 29, 2016.
             Mangled by an ogre
             ... wielding a +0 giant club
              (22 damage)
             ... on level 5 of the Dungeon.
             The game lasted 00:10:44 (3113 turns).

Blackmore the Chopper (Minotaur Fighter)            Turns: 3113, Time: 00:10:45

Health: -10/61     AC:  7    Str: 23    XL:     7   Next: 43%
Magic:  6/6        EV:  8    Int:  5    God:
Gold:   191        SH: 10    Dex:  9    Spells: 6/6 levels left

rFire  . . .     SeeInvis .     a - +0 war axe
rCold  . . .     Gourm    .     b - +0 scale mail
rNeg   . . .     Faith    .     c - +0 shield
rPois  .         Spirit   .     (helmet restricted)
rElec  .         Reflect  .     (no cloak)
rCorr  .         Harm     .     (no gloves)
MR     .....                    (no boots)
Stlth  ..........               (no amulet)
                                (no ring)
                                (no ring)

@: no status effects
A: retaliatory headbutt, horns 2
a: no special abilities


You were on level 5 of the Dungeon.
You were not hungry.

You visited 1 branch of the dungeon, and saw 5 of its levels.

You collected 191 gold pieces.

Inventory:

Hand Weapons
 a - a +0 war axe (weapon)
Armour
 b - a +0 scale mail (worn)
 c - a +0 shield (worn)
Wands
 B - a wand of iceblast (7/15)
Scrolls
 h - 8 scrolls of identify {unknown}
 j - 2 scrolls of remove curse {unknown}
 k - a scroll of noise {unknown}
 o - a scroll of enchant weapon {unknown}
 s - a scroll of enchant armour {unknown}
 u - a scroll of magic mapping {unknown}
 x - 2 scrolls of teleportation {unknown}
 y - a scroll of amnesia {unknown}
Potions
 d - a potion of might
 e - a potion of cure mutation {unknown}
 l - a potion of mutation {unknown}
 n - 3 potions of curing {unknown}
 p - 2 potions of lignification {unknown}
 r - 2 potions of ambrosia {unknown}
 t - a potion of cancellation {unknown}
 v - a potion of flight {unknown}
 z - 2 potions of agility {unknown}
 A - 2 potions of heal wounds {unknown}
Comestibles
 f - 6 bread rations
 i - a royal jelly
 m - 3 fruits
 q - 2 beef jerkies
 w - a slice of pizza
 C - a meat ration


   Skills:
 * Level 5.5 Fighting
 * Level 7.3 Axes
 + Level 5.1 Armour
 + Level 5.5 Shields


You had 6 spell levels left.
You didn't know any spells.

Dungeon Overview and Level Annotations

Branches:
Dungeon (5/15)
 Temple: D:4-7

Altars:
Kikubaaqudgha
Nemelex Xobeh
Qazlal
Sif Muna
Trog
Xom
Yredelemnul

Shops:
D:4 }


Innate Abilities, Weirdness & Mutations

You reflexively headbutt those who attack you in melee.
You have a pair of horns on your head.


Message History

You hit the ogre.
The ogre is heavily wounded.
You block the ogre's attack.
You hit the ogre.
The ogre is heavily wounded.
The ogre hits you with a giant club!!
You hit the ogre but do no damage.
The ogre is heavily wounded.
The ogre hits you with a giant club!
You hit the ogre.
The ogre is almost dead.
The ogre hits you with a giant club!
You barely miss the ogre.
The ogre is almost dead.
The ogre hits you with a giant club!
* * * LOW HITPOINT WARNING * * *
You closely miss the ogre. Your headbutt misses the ogre.
The ogre is almost dead.
The ogre hits you with a giant club!!
You die...

#.###..... .>......
.....#
...##(########....#
..................#
......###### #....##
......# ##.....
......## ... ..Z.
.......# ...# #O##
.......#....# #@.#
####...#....# ##.##
#.......)+ #..#
#........# ##.#
#........# #.#
#........# #.##
####........######..#
................)...#
..........##........###


You could see an ogre and a killer bee zombie.

Vanquished Creatures
  Grinder (D:3)
  A phantom (D:5)
  A bullfrog (D:5)
  A scorpion (D:4)
  A crimson imp (D:5)
  A centaur zombie (D:5)
  2 centaur skeletons (D:4)
  An orc wizard (D:4)
  An iguana (D:4)
  A worker ant (D:4)
  Natasha (D:4)
  3 adders
  An adder skeleton (D:4)
  5 worms (D:3)
  3 leopard geckos
  7 orcs
  A ball python (D:2)
  2 giant cockroaches
  8 goblins
  6 hobgoblins
  5 jackals (D:1)
  A quokka (D:1)
  4 bats (D:1)
  5 frilled lizards
  7 kobolds
  4 rats
74 creatures vanquished.

Notes
Turn   | Place    | Note
-------+----------+-------------------------------------------
     0 | D:1      | Blackmore the Minotaur Fighter began the quest for the Orb.
     0 | D:1      | Reached XP level 1. HP: 19/19 MP: 0/0
   149 | D:1      | Reached XP level 2. HP: 20/27 MP: 1/1
   651 | D:1      | Reached skill level 3 in Axes
   773 | D:1      | Reached XP level 3. HP: 33/33 MP: 2/2
  1232 | D:2      | Found an ancient bone altar of Kikubaaqudgha.
  1235 | D:2      | Found a deep blue altar of Sif Muna.
  1238 | D:2      | Found a shimmering altar of Xom.
  1403 | D:3      | Found a faded altar of an unknown god.
  1625 | D:3      | Found a basalt altar of Yredelemnul.
  1709 | D:3      | Reached XP level 4. HP: 38/41 MP: 3/3
  1740 | D:3      | Found a sparkling altar of Nemelex Xobeh.
  1768 | D:3      | Noticed a moth of wrath
  1771 | D:3      | Noticed Grinder
  1784 | D:3      | Paralysed by Grinder for 3 turns
  1788 | D:3      | Killed Grinder
  1788 | D:3      | Reached skill level 5 in Fighting
  1788 | D:3      | Reached skill level 5 in Axes
  1788 | D:3      | Reached XP level 5. HP: 40/48 MP: 4/4
  2110 | D:3      | Found a bloodstained altar of Trog.
  2130 | D:3      | Reached XP level 6. HP: 42/56 MP: 5/5
  2179 | D:4      | Found a stormy altar of Qazlal.
  2242 | D:4      | Found Hudol's Gadget Shop.
  2351 | D:4      | Reached skill level 5 in Shields
  2543 | D:4      | Reached skill level 6 in Axes
  2544 | D:4      | Noticed Natasha
  2547 | D:4      | Killed Natasha
  2827 | D:5      | Entered Level 5 of the Dungeon
  2846 | D:5      | Reached XP level 7. HP: 55/61 MP: 6/6
  2923 | D:5      | Reached skill level 7 in Axes
  2923 | D:5      | Reached skill level 5 in Armour
  3113 | D:5      | Mangled by an ogre

Vault maps used:
D:1:      minmay_arrival_open_corners
D:2:      grunt_temple_overflow_diamond, first_bread, dk_noncrumbling_4,
          wad_floor_pattern_2
D:3:      nicolae_overflow_crystal_walls, tgw_trog,
          nemelex_xobeh_ov_fountains_minmay, chequers_ecumenical_altar_island,
          kennysheep_generic_room_4, uniq_grinder
D:4:      serial_shops, shop, nicolae_qazlal_general_emergency, uniq_natasha
D:5:      nicolae_ru_great_annihilating_truth, item_on_display_a

Skill      XL: |  1  2  3  4  5  6  7 |
---------------+----------------------+-----
Fighting       | 4 5 |  5.5
Shields        | 4 5 |  5.5
Axes           | 3 5 6 7 |  7.3
Armour         | 4 5 |  5.1

Action                   |  1- 3 |  4- 6 |  7- 9 || total
-------------------------+-------+-------+-------++-------
Melee: War axe           |   106 |    69 |    46 ||   221
       Headbutt          |    13 |    17 |     7 ||    37
  Use: Potion            |       |     1 |       ||     1
  Eat: Chunk             |     3 |     3 |     1 ||     7
Armor: Scale mail        |    62 |    11 |    11 ||    84
Dodge: Dodged            |    21 |    23 |    14 ||    58
Block: Shield            |    67 |    28 |    24 ||   119
